General information
- name: BNet
- type: Ladder team game (AT/RT)
- host: Battle.net
- saver: BEAR_AND
map: Friends
- players: 8
- length: 392:45
- speed: Fast
- version: 1.21 W3XP
- replay type:

» download(1324 KB)
Players
team 1 (loser)
anapurna (
yellow | 39 APM | 5468 actions | 140:15)
12 Far Seer
4 Feral Spirit
3 Chain Lighting
1 Earth Quake
4 Far Sight
» actions
| Assign group hotkey | 602 | |
| Basic commands | 53 | |
| Build / train | 268 | |
| Enter build submenu | 82 | |
| Enter hero's abilities submenu | 12 | |
| Remove unit from queue | 2 | |
| Right click | 2091 | |
| Select / deselect | 823 | |
| Select group hotkey | 1300 | |
| Use ability | 235 | |
5468 total
» units
| Peon | 23 | |
| Grunt | 12 | |
| Troll Headhunter/Berserker | 24 | |
| Shaman | 24 | |
| Demolisher | 5 | |
| Wind Rider | 127 | |
| Troll Witch Doctor | 18 | |
233 total
» upgrades
| Shaman Training | 2 | |
| Armor | 3 | |
| Ranged Weapons | 3 | |
| Berserker Upgrade | 1 | |
| Troll Regeneration | 1 | |
| Envenomed Spears | 1 | |
| Witch Doctor Training | 2 | |
13 total
» buildings
| Altar of Storms | 2 | |
| Orc Burrow | 23 | |
| Barracks | 2 | |
| War Mill | 2 | |
| Stronghold | 1 | |
| Spirit Lodge | 1 | |
| Fortress | 1 | |
| Great Hall | 2 | |
| Beastiary | 2 | |
| Watch Tower | 45 | |
81 total
» build order
00:13 Altar of Storms
00:18 Orc Burrow
00:26 Barracks
01:50 War Mill
02:27 Orc Burrow
03:32 Orc Burrow
04:32 Stronghold
04:54 Orc Burrow
07:39 Spirit Lodge
08:14 Barracks
08:56 Fortress
17:09 Orc Burrow
17:14 Orc Burrow
27:09 Orc Burrow
31:48 Great Hall
33:15 Orc Burrow
33:18 Orc Burrow
33:38 Orc Burrow
33:46 Orc Burrow
33:48 Orc Burrow
34:18 Orc Burrow
34:53 Orc Burrow
35:56 War Mill
39:35 Orc Burrow
39:37 Orc Burrow
39:45 Orc Burrow
39:48 Orc Burrow
39:50 Orc Burrow
42:56 Beastiary
43:01 Beastiary
43:27 Watch Tower
43:34 Watch Tower
43:42 Watch Tower
45:24 Watch Tower
45:28 Watch Tower
45:57 Orc Burrow
48:19 Watch Tower
50:10 Watch Tower
50:46 Orc Burrow
52:34 Orc Burrow
62:42 Watch Tower
63:57 Watch Tower
64:00 Watch Tower
77:02 Watch Tower
77:07 Watch Tower
77:16 Watch Tower
77:17 Watch Tower
78:41 Watch Tower
79:14 Watch Tower
79:49 Watch Tower
80:33 Watch Tower
80:39 Watch Tower
81:03 Watch Tower
82:06 Watch Tower
83:17 Watch Tower
83:54 Watch Tower
84:23 Watch Tower
85:06 Watch Tower
85:54 Watch Tower
86:00 Watch Tower
87:21 Watch Tower
87:33 Watch Tower
88:49 Watch Tower
88:55 Watch Tower
89:35 Watch Tower
92:33 Watch Tower
92:54 Watch Tower
94:00 Watch Tower
96:53 Altar of Storms
104:56 Watch Tower
105:04 Watch Tower
105:13 Watch Tower
106:45 Watch Tower
106:47 Watch Tower
106:50 Watch Tower
110:00 Watch Tower
110:16 Orc Burrow
123:56 Watch Tower
125:13 Great Hall
125:42 Watch Tower
128:49 Watch Tower
» items
| Scroll of Town Portal | 1 | |
| Potion of Mana | 2 | |
3 total
c59fray (
green | 26 APM | 3504 actions | 134:52)
4 Demon Hunter
2 Immolation
2 Evasion
2 Goblin Tinker
1 Cluster Rockets
1 Engineering Upgrade
1 Pit Lord
1 Rain of Fire
» actions
| Assign group hotkey | 3 | |
| Basic commands | 2 | |
| Build / train | 209 | |
| ESC pressed | 3 | |
| Enter build submenu | 47 | |
| Enter hero's abilities submenu | 8 | |
| Right click | 1968 | |
| Select / deselect | 1130 | |
| Use ability | 134 | |
3504 total
» units
| Wisp | 27 | |
| Archer | 35 | |
| Huntress | 55 | |
| Chimaera | 32 | |
| Dryad | 12 | |
| Glaive Thrower | 4 | |
| Hippogryph | 12 | |
177 total
» upgrades
| Strength of the Moon | 3 | |
| Moon Armor | 3 | |
| Upgrade Moon Glaive | 1 | |
| Strength of the Wild | 3 | |
| Reinforced Hides | 3 | |
| Corrosive Breath | 1 | |
| Improved Bows | 1 | |
| Marksmanship | 1 | |
| Abolish Magic | 1 | |
| Vorpal Blades | 1 | |
| Well Spring | 1 | |
| Hippogryph Taming | 1 | |
20 total
» buildings
| Moon Well | 16 | |
| Altar of Elders | 2 | |
| Ancient of War | 3 | |
| Hunter's Hall | 2 | |
| Tree of Ages | 1 | |
| Tree of Eternity | 1 | |
| Ancient of Wind | 7 | |
| Chimaera Roost | 1 | |
| Tree of Life | 1 | |
| Ancient of Lore | 1 | |
| Ancient Protector | 10 | |
45 total
» build order
00:12 Moon Well
00:22 Altar of Elders
00:36 Ancient of War
01:35 Moon Well
02:19 Hunter's Hall
02:43 Moon Well
04:38 Ancient of War
05:08 Moon Well
06:12 Moon Well
08:06 Tree of Ages
08:30 Moon Well
12:19 Tree of Eternity
12:24 Ancient of Wind
16:17 Chimaera Roost
18:58 Moon Well
28:38 Tree of Life
31:22 Moon Well
36:38 Moon Well
39:45 Moon Well
44:26 Ancient of Lore
44:50 Ancient Protector
45:02 Ancient Protector
50:20 Moon Well
51:58 Moon Well
58:11 Ancient Protector
69:11 Ancient of Wind
69:12 Ancient of Wind
69:13 Ancient of Wind
69:14 Ancient of Wind
69:15 Ancient of Wind
69:15 Ancient of Wind
85:17 Ancient Protector
85:33 Ancient Protector
85:42 Ancient Protector
86:11 Ancient Protector
86:38 Ancient Protector
86:58 Ancient Protector
87:25 Ancient Protector
100:30 Altar of Elders
100:44 Moon Well
104:29 Moon Well
104:44 Moon Well
106:35 Ancient of War
110:05 Hunter's Hall
112:57 Moon Well
DroopyLBD (
teal | 71 APM | 9932 actions | 139:35)
11 Death Knight
3 Death Coil
5 Unholy Aura
1 Animate Dead
2 Death Pact
9 Dreadlord
3 Sleep
3 Vampiric Aura
2 Inferno
1 Carrion Swarm
4 Lich
2 Frost Armor
2 Frost Nova
» actions
| Assign group hotkey | 172 | |
| Basic commands | 8 | |
| Build / train | 284 | |
| Enter build submenu | 76 | |
| Enter hero's abilities submenu | 23 | |
| Remove unit from queue | 52 | |
| Right click | 7570 | |
| Select / deselect | 1091 | |
| Select group hotkey | 307 | |
| Use ability | 349 | |
9932 total
» units
| Acolyte | 6 | |
| Ghoul | 10 | |
| Crypt Fiend | 58 | |
| Goblin Sapper | 1 | |
| Gargoyle | 35 | |
| Frost Wyrm | 30 | |
| Meatwagon | -5 | |
| Abomination | 28 | |
163 total
» upgrades
| Web | 1 | |
| Burrow | 1 | |
| Creature Attack | 3 | |
| Creature Carapace | 4 | |
| Freezing Breath | 1 | |
| Unholy Strength | 1 | |
| Disease Cloud | 1 | |
| Unholy Armor | 1 | |
13 total
» buildings
| Ziggurat | 54 | |
| Altar of Darkness | 1 | |
| Crypt | 1 | |
| Nerubian Tower | 5 | |
| Graveyard | 1 | |
| Halls of the Dead | 1 | |
| Spirit Tower | 19 | |
| Sacrificial Pit | 1 | |
| Black Citadel | 1 | |
| Slaughterhouse | 1 | |
| Boneyard | 2 | |
| Tomb of Relics | 1 | |
88 total
» build order
00:07 Ziggurat
00:10 Altar of Darkness
00:12 Crypt
01:05 Ziggurat
02:04 Ziggurat
02:26 Nerubian Tower
02:37 Graveyard
04:27 Ziggurat
04:53 Ziggurat
08:14 Halls of the Dead
13:33 Ziggurat
14:25 Ziggurat
14:53 Ziggurat
14:54 Spirit Tower
16:39 Ziggurat
16:40 Spirit Tower
17:33 Ziggurat
21:11 Spirit Tower
26:48 Sacrificial Pit
28:13 Black Citadel
28:17 Spirit Tower
28:25 Slaughterhouse
30:40 Boneyard
35:52 Ziggurat
37:41 Spirit Tower
40:02 Boneyard
40:22 Ziggurat
40:25 Ziggurat
42:00 Spirit Tower
44:46 Ziggurat
47:04 Nerubian Tower
47:07 Ziggurat
48:13 Nerubian Tower
50:37 Ziggurat
50:41 Ziggurat
51:38 Spirit Tower
52:01 Tomb of Relics
56:12 Ziggurat
56:26 Ziggurat
57:32 Spirit Tower
58:28 Spirit Tower
61:07 Ziggurat
61:09 Ziggurat
61:14 Ziggurat
63:05 Spirit Tower
69:15 Ziggurat
69:17 Ziggurat
70:45 Spirit Tower
79:28 Ziggurat
79:30 Ziggurat
79:35 Ziggurat
79:38 Ziggurat
79:50 Ziggurat
81:56 Spirit Tower
82:51 Ziggurat
83:01 Ziggurat
83:44 Ziggurat
83:45 Nerubian Tower
83:53 Ziggurat
84:00 Ziggurat
84:10 Nerubian Tower
89:26 Ziggurat
92:26 Ziggurat
92:28 Ziggurat
92:31 Ziggurat
92:32 Spirit Tower
93:42 Spirit Tower
93:45 Ziggurat
93:49 Ziggurat
93:59 Ziggurat
94:00 Ziggurat
94:02 Ziggurat
95:15 Ziggurat
96:40 Spirit Tower
96:44 Ziggurat
96:46 Ziggurat
97:05 Ziggurat
97:08 Ziggurat
97:18 Spirit Tower
100:30 Spirit Tower
113:51 Ziggurat
113:54 Ziggurat
113:56 Ziggurat
113:59 Ziggurat
114:01 Ziggurat
114:04 Ziggurat
116:29 Spirit Tower
119:30 Spirit Tower
» items
| Potion of Healing | 1 | |
| Potion of Mana | 1 | |
2 total
keskonmange (
red | 22 APM | 2964 actions | 133:57)
10 Death Knight
3 Death Coil
3 Unholy Aura
1 Animate Dead
3 Death Pact
» actions
| Assign group hotkey | 10 | |
| Basic commands | 17 | |
| Build / train | 308 | |
| ESC pressed | 7 | |
| Enter build submenu | 24 | |
| Enter hero's abilities submenu | 10 | |
| Remove unit from queue | 7 | |
| Right click | 1492 | |
| Select / deselect | 904 | |
| Select group hotkey | 57 | |
| Use ability | 128 | |
2964 total
» units
| Acolyte | 17 | |
| Ghoul | 13 | |
| Crypt Fiend | 54 | |
| Frost Wyrm | 131 | |
| Obsidian Statue | 28 | |
| Meatwagon | 23 | |
266 total
» upgrades
| Creature Attack | 3 | |
| Creature Carapace | 3 | |
| Web | 1 | |
| Freezing Breath | 1 | |
8 total
» buildings
| Ziggurat | 11 | |
| Altar of Darkness | 1 | |
| Crypt | 1 | |
| Nerubian Tower | 2 | |
| Graveyard | 1 | |
| Spirit Tower | 10 | |
| Tomb of Relics | 1 | |
| Halls of the Dead | 1 | |
| Black Citadel | 1 | |
| Sacrificial Pit | 1 | |
| Boneyard | 2 | |
| Slaughterhouse | 1 | |
33 total
» build order
00:10 Ziggurat
00:13 Altar of Darkness
00:33 Crypt
01:00 Ziggurat
01:56 Ziggurat
02:00 Nerubian Tower
02:38 Graveyard
04:24 Spirit Tower
07:10 Tomb of Relics
08:13 Halls of the Dead
09:39 Ziggurat
12:34 Ziggurat
14:13 Black Citadel
14:27 Sacrificial Pit
16:53 Boneyard
18:07 Slaughterhouse
20:34 Ziggurat
32:11 Ziggurat
32:17 Ziggurat
32:21 Ziggurat
33:06 Ziggurat
33:08 Ziggurat
33:09 Spirit Tower
33:11 Nerubian Tower
33:27 Spirit Tower
33:59 Spirit Tower
35:47 Spirit Tower
44:47 Boneyard
97:06 Spirit Tower
97:07 Spirit Tower
97:09 Spirit Tower
131:17 Spirit Tower
131:18 Spirit Tower
» items
| Demonic Figurine | 1 | |
| Healing Wards | 1 | |
2 total
team 2 (winner)
BEAR_AND (
blue | 27 APM | 10779 actions | 392:45)
10 Archmage
3 Blizzard
3 Brilliance Aura
1 Mass Teleport
3 Summon Water Elemental
10 Mountain King
3 Storm Bolt
3 Bash
1 Avatar
3 Thunder Clap
10 Paladin
3 Holy Light
3 Divine Shield
3 Devotion Aura
1 Resurrection
» actions
| Assign group hotkey | 8 | |
| Basic commands | 24 | |
| Build / train | 199 | |
| ESC pressed | 1 | |
| Enter build submenu | 73 | |
| Enter hero's abilities submenu | 31 | |
| Give item / drop item | 8 | |
| Remove unit from queue | 8 | |
| Right click | 7269 | |
| Select / deselect | 1100 | |
| Select group hotkey | 1128 | |
| Use ability | 930 | |
10779 total
» units
| Peasant | 31 | |
| Priest | 1 | |
| Goblin Shredder | 3 | |
| Goblin Zeppelin | 5 | |
40 total
» upgrades
| Masonry | 4 | |
| Lumber Harvesting | 2 | |
| Priest Training | 2 | |
| Magic Sentry | 1 | |
9 total
» buildings
| Altar of Kings | 1 | |
| Farm | 5 | |
| Lumber Mill | 2 | |
| Scout Tower | 246 | |
| Guard Tower | 81 | |
| Keep | 2 | |
| Castle | 1 | |
| Arcane Vault | 4 | |
| Arcane Sanctum | 2 | |
| Town Hall | 4 | |
348 total
» build order
00:09 Altar of Kings
00:26 Farm
00:35 Lumber Mill
00:43 Scout Tower
00:45 Scout Tower
00:49 Scout Tower
00:49 Scout Tower
01:05 Farm
01:11 Scout Tower
02:09 Guard Tower
02:27 Guard Tower
02:44 Guard Tower
03:19 Scout Tower
03:21 Scout Tower
03:23 Scout Tower
03:25 Scout Tower
03:27 Scout Tower
03:51 Guard Tower
04:17 Guard Tower
04:17 Guard Tower
04:21 Guard Tower
04:45 Keep
04:46 Keep
04:48 Scout Tower
04:50 Guard Tower
05:09 Farm
05:16 Farm
05:28 Guard Tower
05:29 Scout Tower
05:30 Scout Tower
05:32 Scout Tower
06:37 Farm
06:54 Guard Tower
07:01 Scout Tower
07:02 Scout Tower
07:02 Scout Tower
07:03 Scout Tower
07:04 Scout Tower
07:11 Castle
07:37 Guard Tower
07:44 Scout Tower
07:44 Scout Tower
07:45 Scout Tower
07:46 Scout Tower
07:47 Scout Tower
07:51 Scout Tower
07:51 Scout Tower
07:52 Scout Tower
07:52 Scout Tower
07:54 Arcane Vault
08:03 Guard Tower
08:18 Guard Tower
08:28 Guard Tower
08:51 Guard Tower
09:10 Guard Tower
09:45 Guard Tower
09:55 Guard Tower
09:59 Scout Tower
10:00 Scout Tower
10:01 Scout Tower
10:01 Scout Tower
10:24 Guard Tower
10:25 Guard Tower
10:28 Arcane Vault
10:50 Guard Tower
10:51 Guard Tower
11:23 Scout Tower
11:24 Scout Tower
11:24 Guard Tower
12:15 Guard Tower
12:17 Scout Tower
12:18 Scout Tower
12:18 Scout Tower
13:12 Scout Tower
13:12 Scout Tower
13:13 Guard Tower
13:14 Scout Tower
13:14 Scout Tower
14:42 Guard Tower
15:21 Scout Tower
15:22 Scout Tower
15:22 Scout Tower
15:24 Scout Tower
15:43 Scout Tower
15:43 Scout Tower
15:44 Scout Tower
15:44 Scout Tower
16:18 Scout Tower
16:18 Scout Tower
16:49 Guard Tower
17:14 Arcane Sanctum
18:29 Town Hall
18:45 Scout Tower
18:46 Scout Tower
18:46 Scout Tower
18:47 Scout Tower
18:47 Scout Tower
19:28 Scout Tower
19:29 Scout Tower
19:29 Scout Tower
19:29 Scout Tower
19:30 Scout Tower
19:30 Scout Tower
19:30 Scout Tower
20:01 Guard Tower
20:15 Guard Tower
20:49 Guard Tower
20:52 Scout Tower
20:52 Scout Tower
20:53 Scout Tower
20:53 Scout Tower
20:54 Scout Tower
20:54 Scout Tower
20:55 Scout Tower
21:09 Guard Tower
21:12 Scout Tower
21:13 Scout Tower
21:14 Scout Tower
21:15 Scout Tower
21:15 Scout Tower
21:15 Scout Tower
21:16 Scout Tower
21:17 Scout Tower
21:46 Guard Tower
21:49 Guard Tower
23:45 Guard Tower
23:51 Guard Tower
24:23 Guard Tower
24:24 Scout Tower
24:25 Scout Tower
24:26 Scout Tower
24:27 Scout Tower
24:27 Scout Tower
24:28 Scout Tower
24:30 Guard Tower
24:34 Scout Tower
24:35 Scout Tower
24:35 Scout Tower
24:35 Scout Tower
24:36 Scout Tower
24:36 Scout Tower
24:36 Scout Tower
24:37 Scout Tower
24:38 Scout Tower
25:48 Guard Tower
25:51 Guard Tower
26:42 Guard Tower
27:57 Guard Tower
28:03 Scout Tower
28:04 Scout Tower
28:04 Scout Tower
28:04 Scout Tower
28:05 Scout Tower
28:06 Scout Tower
28:06 Scout Tower
28:07 Scout Tower
28:08 Scout Tower
28:26 Guard Tower
28:56 Guard Tower
30:12 Guard Tower
30:25 Town Hall
30:29 Scout Tower
30:29 Scout Tower
30:30 Scout Tower
30:30 Scout Tower
30:31 Scout Tower
30:32 Scout Tower
30:33 Scout Tower
30:34 Scout Tower
30:34 Scout Tower
30:35 Scout Tower
30:35 Scout Tower
30:36 Scout Tower
30:37 Scout Tower
30:38 Scout Tower
30:39 Scout Tower
30:40 Scout Tower
30:41 Scout Tower
30:42 Scout Tower
30:42 Scout Tower
30:55 Guard Tower
31:01 Scout Tower
31:01 Scout Tower
31:02 Scout Tower
31:03 Scout Tower
31:04 Scout Tower
31:05 Scout Tower
31:05 Scout Tower
31:06 Scout Tower
31:08 Guard Tower
31:29 Guard Tower
31:34 Guard Tower
32:04 Scout Tower
32:05 Scout Tower
32:05 Scout Tower
32:16 Guard Tower
32:28 Arcane Vault
32:29 Arcane Vault
32:50 Guard Tower
32:58 Scout Tower
32:58 Scout Tower
32:59 Scout Tower
33:00 Scout Tower
33:00 Scout Tower
33:01 Scout Tower
33:01 Scout Tower
33:02 Scout Tower
33:02 Scout Tower
33:04 Guard Tower
33:14 Guard Tower
33:14 Guard Tower
33:27 Guard Tower
35:36 Scout Tower
35:36 Scout Tower
35:37 Scout Tower
35:38 Scout Tower
35:38 Scout Tower
35:39 Scout Tower
35:39 Scout Tower
35:44 Guard Tower
36:35 Guard Tower
36:57 Guard Tower
37:06 Town Hall
37:14 Scout Tower
37:14 Scout Tower
37:15 Scout Tower
37:15 Scout Tower
37:16 Scout Tower
37:18 Scout Tower
37:19 Scout Tower
37:21 Scout Tower
37:21 Scout Tower
37:21 Scout Tower
37:22 Scout Tower
37:23 Scout Tower
37:48 Guard Tower
38:21 Guard Tower
38:54 Guard Tower
39:10 Guard Tower
39:43 Scout Tower
39:44 Scout Tower
39:44 Scout Tower
39:45 Scout Tower
39:45 Scout Tower
39:45 Scout Tower
39:52 Guard Tower
39:59 Town Hall
40:07 Scout Tower
40:08 Scout Tower
40:08 Scout Tower
40:10 Scout Tower
40:13 Scout Tower
40:13 Scout Tower
40:14 Scout Tower
40:15 Scout Tower
40:16 Scout Tower
40:16 Scout Tower
40:18 Scout Tower
40:19 Scout Tower
40:19 Scout Tower
40:20 Scout Tower
40:20 Scout Tower
40:21 Scout Tower
40:22 Scout Tower
40:23 Scout Tower
40:37 Guard Tower
40:38 Guard Tower
41:11 Guard Tower
41:41 Scout Tower
41:46 Guard Tower
41:59 Guard Tower
42:03 Scout Tower
42:04 Scout Tower
42:04 Scout Tower
42:05 Scout Tower
42:06 Scout Tower
42:06 Scout Tower
42:08 Guard Tower
43:11 Guard Tower
43:13 Scout Tower
43:13 Scout Tower
43:14 Scout Tower
43:15 Scout Tower
43:15 Scout Tower
43:16 Scout Tower
43:31 Guard Tower
44:49 Guard Tower
45:52 Guard Tower
46:44 Guard Tower
49:52 Scout Tower
49:52 Scout Tower
49:53 Scout Tower
49:54 Scout Tower
49:58 Scout Tower
49:59 Scout Tower
50:00 Scout Tower
54:25 Arcane Sanctum
57:19 Scout Tower
57:20 Scout Tower
57:21 Scout Tower
57:21 Scout Tower
57:22 Scout Tower
57:22 Scout Tower
57:23 Scout Tower
57:23 Scout Tower
57:24 Scout Tower
57:25 Scout Tower
58:03 Guard Tower
58:22 Guard Tower
58:25 Scout Tower
58:26 Scout Tower
58:28 Scout Tower
58:29 Scout Tower
58:31 Scout Tower
58:32 Scout Tower
58:32 Scout Tower
58:33 Guard Tower
58:53 Guard Tower
59:14 Guard Tower
60:01 Guard Tower
60:11 Guard Tower
61:05 Guard Tower
107:35 Lumber Mill
» items
| Healing Salve | 1 | |
| Staff of Sanctuary | 2 | |
| Scroll of Town Portal | 6 | |
| Runed Bracers | 1 | |
| Scourge Bone Chimes | 1 | |
| Orb of Lightning | 3 | |
| Sobi Mask | 2 | |
| Belt of Giant Strength +6 | 1 | |
| Potion of Healing | 4 | |
| Mana Stone | 1 | |
22 total

»
highper.ch (
pink | 83 APM | 11581 actions | 140:16)
18 Death Knight
5 Death Coil
6 Unholy Aura
2 Animate Dead
5 Death Pact
10 Crypt Lord
3 Impale
3 Spiked Carapace
1 Locust Swarm
3 Carrion Beetles
» actions
| Assign group hotkey | 49 | |
| Basic commands | 338 | |
| Build / train | 195 | |
| ESC pressed | 11 | |
| Enter build submenu | 66 | |
| Enter hero's abilities submenu | 29 | |
| Give item / drop item | 9 | |
| Right click | 4877 | |
| Select / deselect | 722 | |
| Select group hotkey | 4798 | |
| Use ability | 487 | |
11581 total
» units
| Acolyte | 24 | |
| Ghoul | 24 | |
| Obsidian Statue | 12 | |
| Crypt Fiend | 1 | |
| Goblin Shredder | 23 | |
| Goblin Zeppelin | 1 | |
85 total
» upgrades
| Ghoul Frenzy | 1 | |
| Destroyer Form | 1 | |
| Creature Attack | 3 | |
| Creature Carapace | 3 | |
| Cannibalize | 1 | |
| Stone Form | 1 | |
| Unholy Armor | 3 | |
| Unholy Strength | 3 | |
| Exhume Corpses | 1 | |
| Disease Cloud | 1 | |
| Web | 1 | |
| Burrow | 1 | |
| Backpack | 1 | |
| Necromancer Training | 1 | |
| Banshee Training | 1 | |
| Skeletal Longevity | 1 | |
| Skeletal Mastery | 1 | |
| Freezing Breath | 1 | |
26 total
» buildings
| Crypt | 1 | |
| Altar of Darkness | 1 | |
| Ziggurat | 17 | |
| Nerubian Tower | 7 | |
| Graveyard | 7 | |
| Spirit Tower | 6 | |
| Necropolis | 31 | |
| Halls of the Dead | 11 | |
| Tomb of Relics | 5 | |
| Sacrificial Pit | 1 | |
| Black Citadel | 6 | |
| Slaughterhouse | 2 | |
| Temple of the Damned | 1 | |
| Boneyard | 1 | |
97 total
» build order
00:13 Crypt
00:18 Altar of Darkness
00:24 Ziggurat
01:06 Ziggurat
01:44 Nerubian Tower
02:36 Graveyard
03:01 Ziggurat
04:29 Spirit Tower
04:53 Nerubian Tower
06:59 Necropolis
07:54 Ziggurat
08:47 Nerubian Tower
08:55 Halls of the Dead
09:23 Necropolis
11:00 Tomb of Relics
11:13 Ziggurat
12:24 Nerubian Tower
13:17 Sacrificial Pit
13:29 Ziggurat
13:40 Ziggurat
13:51 Ziggurat
13:54 Ziggurat
13:57 Ziggurat
14:30 Black Citadel
14:54 Nerubian Tower
15:02 Spirit Tower
15:02 Spirit Tower
15:32 Slaughterhouse
16:14 Spirit Tower
16:15 Ziggurat
17:59 Spirit Tower
26:48 Ziggurat
26:51 Ziggurat
26:55 Ziggurat
30:26 Nerubian Tower
33:22 Necropolis
33:29 Ziggurat
34:09 Halls of the Dead
34:59 Nerubian Tower
35:54 Ziggurat
39:42 Halls of the Dead
39:43 Spirit Tower
39:47 Necropolis
39:49 Necropolis
39:50 Necropolis
39:52 Necropolis
39:55 Necropolis
39:57 Necropolis
39:58 Necropolis
40:00 Necropolis
44:12 Halls of the Dead
44:14 Halls of the Dead
47:37 Black Citadel
47:48 Black Citadel
47:50 Black Citadel
48:43 Graveyard
50:16 Necropolis
50:22 Necropolis
50:24 Necropolis
50:25 Necropolis
50:27 Necropolis
50:29 Necropolis
50:31 Necropolis
55:45 Tomb of Relics
55:51 Tomb of Relics
55:53 Tomb of Relics
56:00 Tomb of Relics
56:05 Necropolis
61:06 Halls of the Dead
61:37 Temple of the Damned
61:40 Boneyard
63:31 Black Citadel
63:44 Graveyard
65:09 Necropolis
65:12 Necropolis
67:53 Halls of the Dead
70:13 Slaughterhouse
74:49 Necropolis
77:11 Necropolis
83:25 Halls of the Dead
85:59 Graveyard
86:17 Necropolis
87:06 Necropolis
87:08 Necropolis
87:12 Necropolis
87:32 Ziggurat
91:51 Necropolis
91:53 Necropolis
94:30 Halls of the Dead
102:41 Halls of the Dead
102:43 Black Citadel
105:03 Graveyard
106:15 Graveyard
127:40 Necropolis
127:40 Necropolis
130:07 Halls of the Dead
130:58 Graveyard
» items
| Orb of Corruption | 3 | |
| Runed Bracers | 3 | |
| Robe of the Magi +6 | 3 | |
| Scroll of Town Portal | 3 | |
| Staff of Sanctuary | 3 | |
| Belt of Giant Strength +6 | 4 | |
| Potion of Divinity | 1 | |
| Ankh of Reincarnation | 1 | |
| Mana Stone | 1 | |
22 total
MrGoodmanners (
purple | 66 APM | 9259 actions | 140:16)
10 Dreadlord
3 Sleep
3 Vampiric Aura
1 Inferno
3 Carrion Swarm
2 Death Knight
2 Death Coil
» actions
| Assign group hotkey | 401 | |
| Basic commands | 118 | |
| Build / train | 254 | |
| ESC pressed | 25 | |
| Enter build submenu | 443 | |
| Enter hero's abilities submenu | 13 | |
| Give item / drop item | 9 | |
| Remove unit from queue | 6 | |
| Right click | 4690 | |
| Select / deselect | 2066 | |
| Select group hotkey | 472 | |
| Use ability | 760 | |
9259 total
» units
| Acolyte | 61 | |
| Ghoul | 24 | |
| Crypt Fiend | 5 | |
| Obsidian Statue | 2 | |
| Frost Wyrm | 5 | |
| Goblin Zeppelin | 9 | |
| Meatwagon | 3 | |
| Goblin Sapper | 23 | |
132 total
» upgrades
| Web | 1 | |
| Burrow | 1 | |
| Creature Attack | 3 | |
| Creature Carapace | 3 | |
| Ghoul Frenzy | 1 | |
| Destroyer Form | 1 | |
| Stone Form | 1 | |
| Freezing Breath | 1 | |
| Cannibalize | 1 | |
| Disease Cloud | 1 | |
| Exhume Corpses | 1 | |
| Unholy Strength | 2 | |
| Unholy Armor | 2 | |
| Backpack | 1 | |
20 total
» buildings
| Altar of Darkness | 1 | |
| Ziggurat | 327 | |
| Crypt | 1 | |
| Necropolis | 146 | |
| Nerubian Tower | 6 | |
| Graveyard | 2 | |
| Spirit Tower | 16 | |
| Halls of the Dead | 5 | |
| Sacrificial Pit | 1 | |
| Black Citadel | 2 | |
| Slaughterhouse | 2 | |
| Boneyard | 2 | |
| Tomb of Relics | 6 | |
517 total
» build order
00:22 Altar of Darkness
00:23 Ziggurat
00:24 Ziggurat
00:36 Crypt
01:17 Necropolis
01:28 Ziggurat
01:30 Ziggurat
02:13 Ziggurat
02:40 Nerubian Tower
02:40 Nerubian Tower
03:54 Graveyard
04:09 Ziggurat
04:34 Ziggurat
05:08 Ziggurat
05:31 Ziggurat
06:53 Spirit Tower
06:54 Spirit Tower
06:55 Ziggurat
07:37 Ziggurat
07:38 Ziggurat
08:10 Ziggurat
08:22 Halls of the Dead
08:36 Ziggurat
08:37 Ziggurat
08:38 Ziggurat
08:50 Ziggurat
09:57 Spirit Tower
09:57 Spirit Tower
09:59 Spirit Tower
10:00 Spirit Tower
10:14 Ziggurat
10:15 Ziggurat
11:28 Spirit Tower
15:29 Graveyard
15:56 Ziggurat
15:57 Ziggurat
15:58 Ziggurat
16:18 Sacrificial Pit
16:37 Black Citadel
16:52 Slaughterhouse
17:41 Nerubian Tower
17:53 Necropolis
19:46 Boneyard
19:48 Boneyard
19:59 Slaughterhouse
20:05 Tomb of Relics
32:38 Ziggurat
32:41 Ziggurat
32:42 Ziggurat
32:43 Ziggurat
32:48 Ziggurat
32:49 Ziggurat
32:50 Ziggurat
32:53 Necropolis
32:54 Necropolis
32:55 Necropolis
32:57 Necropolis
32:58 Necropolis
33:00 Necropolis
33:01 Necropolis
33:03 Necropolis
33:05 Necropolis
33:16 Necropolis
33:18 Necropolis
33:19 Necropolis
33:21 Necropolis
33:23 Necropolis
33:24 Necropolis
33:25 Necropolis
33:36 Ziggurat
33:37 Ziggurat
33:38 Ziggurat
34:11 Necropolis
34:14 Necropolis
34:28 Necropolis
34:32 Necropolis
34:33 Necropolis
34:36 Necropolis
39:45 Ziggurat
40:24 Ziggurat
40:26 Ziggurat
40:33 Ziggurat
41:43 Ziggurat
42:22 Necropolis
42:22 Necropolis
42:23 Necropolis
42:24 Necropolis
42:25 Necropolis
42:26 Necropolis
42:28 Necropolis
42:29 Necropolis
42:30 Necropolis
42:31 Necropolis
43:39 Necropolis
43:41 Necropolis
45:06 Ziggurat
45:08 Ziggurat
45:09 Ziggurat
45:11 Ziggurat
45:14 Ziggurat
45:15 Ziggurat
45:19 Ziggurat
45:21 Ziggurat
45:24 Ziggurat
45:26 Ziggurat
45:28 Ziggurat
45:34 Ziggurat
45:35 Ziggurat
45:36 Ziggurat
45:37 Ziggurat
45:43 Ziggurat
48:14 Ziggurat
48:20 Ziggurat
48:26 Ziggurat
48:28 Ziggurat
48:30 Ziggurat
48:59 Ziggurat
49:01 Halls of the Dead
49:05 Halls of the Dead
49:07 Halls of the Dead
49:18 Halls of the Dead
49:35 Ziggurat
49:37 Ziggurat
49:39 Ziggurat
49:40 Ziggurat
49:41 Ziggurat
49:45 Ziggurat
49:46 Ziggurat
50:00 Necropolis
50:07 Necropolis
50:12 Necropolis
50:13 Necropolis
50:14 Necropolis
50:33 Necropolis
51:30 Ziggurat
51:30 Ziggurat
51:34 Ziggurat
51:36 Ziggurat
51:39 Ziggurat
51:40 Ziggurat
51:53 Ziggurat
52:00 Necropolis
52:24 Ziggurat
52:28 Ziggurat
52:36 Ziggurat
53:07 Ziggurat
53:11 Ziggurat
53:25 Ziggurat
53:35 Ziggurat
54:57 Ziggurat
55:01 Ziggurat
55:05 Ziggurat
55:07 Ziggurat
55:08 Ziggurat
55:22 Necropolis
55:23 Necropolis
56:19 Necropolis
56:21 Necropolis
56:25 Necropolis
56:27 Necropolis
56:33 Necropolis
56:34 Necropolis
57:17 Necropolis
57:18 Necropolis
57:19 Necropolis
57:20 Necropolis
57:21 Necropolis
57:23 Necropolis
58:03 Necropolis
58:07 Necropolis
58:09 Necropolis
58:11 Necropolis
58:12 Necropolis
58:29 Ziggurat
58:34 Ziggurat
58:39 Ziggurat
58:46 Ziggurat
58:53 Ziggurat
58:55 Ziggurat
58:58 Ziggurat
59:09 Necropolis
59:23 Necropolis
59:25 Necropolis
59:26 Necropolis
59:28 Necropolis
59:34 Necropolis
59:35 Necropolis
59:38 Necropolis
61:12 Ziggurat
61:14 Necropolis
61:15 Necropolis
61:16 Necropolis
61:25 Ziggurat
61:26 Ziggurat
61:27 Ziggurat
61:29 Ziggurat
61:30 Ziggurat
61:42 Necropolis
61:45 Necropolis
61:51 Ziggurat
61:52 Ziggurat
62:28 Necropolis
62:30 Necropolis
62:38 Necropolis
63:32 Necropolis
63:34 Necropolis
63:35 Necropolis
63:36 Necropolis
63:37 Necropolis
63:38 Necropolis
63:47 Ziggurat
63:48 Ziggurat
63:49 Ziggurat
64:13 Ziggurat
64:13 Ziggurat
64:14 Ziggurat
64:31 Necropolis
64:34 Necropolis
64:35 Necropolis
65:09 Ziggurat
65:22 Ziggurat
65:26 Ziggurat
65:29 Ziggurat
65:32 Ziggurat
65:34 Ziggurat
65:40 Ziggurat
65:43 Ziggurat
65:45 Ziggurat
65:49 Ziggurat
66:27 Ziggurat
66:29 Ziggurat
66:31 Necropolis
66:38 Ziggurat
66:40 Ziggurat
66:42 Ziggurat
66:56 Ziggurat
67:36 Ziggurat
67:46 Ziggurat
67:49 Ziggurat
67:51 Ziggurat
67:57 Ziggurat
68:15 Ziggurat
68:18 Ziggurat
68:37 Ziggurat
68:38 Ziggurat
68:42 Ziggurat
68:55 Ziggurat
69:00 Ziggurat
69:11 Ziggurat
69:13 Ziggurat
69:45 Ziggurat
69:46 Ziggurat
69:50 Ziggurat
69:53 Ziggurat
69:56 Ziggurat
70:23 Ziggurat
70:25 Ziggurat
70:26 Ziggurat
72:05 Ziggurat
72:25 Ziggurat
72:28 Ziggurat
72:29 Ziggurat
72:31 Ziggurat
72:34 Necropolis
72:37 Necropolis
72:41 Necropolis
73:12 Ziggurat
73:38 Ziggurat
73:51 Necropolis
73:53 Necropolis
74:20 Necropolis
74:25 Necropolis
74:28 Necropolis
74:30 Necropolis
74:40 Ziggurat
75:33 Ziggurat
75:34 Ziggurat
75:36 Ziggurat
75:46 Ziggurat
76:05 Ziggurat
76:06 Ziggurat
76:26 Ziggurat
76:27 Ziggurat
76:41 Ziggurat
76:44 Ziggurat
76:46 Ziggurat
76:49 Ziggurat
76:51 Ziggurat
76:53 Ziggurat
77:30 Necropolis
77:39 Ziggurat
77:41 Ziggurat
78:00 Ziggurat
78:18 Ziggurat
78:24 Ziggurat
78:27 Ziggurat
78:31 Necropolis
78:42 Necropolis
79:03 Necropolis
79:04 Necropolis
79:37 Necropolis
79:57 Necropolis
80:01 Necropolis
80:20 Ziggurat
80:21 Ziggurat
80:22 Ziggurat
80:23 Ziggurat
80:30 Necropolis
80:49 Ziggurat
81:11 Necropolis
81:13 Necropolis
81:24 Ziggurat
81:27 Ziggurat
81:29 Ziggurat
81:31 Ziggurat
81:51 Ziggurat
81:58 Ziggurat
82:31 Ziggurat
82:35 Ziggurat
83:05 Ziggurat
83:08 Ziggurat
83:22 Ziggurat
83:41 Necropolis
83:51 Necropolis
84:21 Ziggurat
85:06 Necropolis
85:35 Ziggurat
85:40 Ziggurat
86:31 Necropolis
87:04 Necropolis
87:09 Necropolis
87:13 Necropolis
87:34 Ziggurat
87:36 Ziggurat
87:39 Ziggurat
88:14 Ziggurat
88:51 Ziggurat
88:55 Ziggurat
92:18 Ziggurat
92:19 Ziggurat
92:29 Ziggurat
92:54 Ziggurat
92:57 Ziggurat
93:00 Ziggurat
93:03 Necropolis
93:05 Necropolis
93:08 Necropolis
93:10 Necropolis
93:21 Necropolis
93:22 Necropolis
93:23 Necropolis
93:29 Necropolis
93:49 Ziggurat
93:50 Ziggurat
93:56 Necropolis
93:58 Necropolis
94:22 Necropolis
94:48 Necropolis
94:57 Necropolis
95:22 Necropolis
95:36 Ziggurat
95:40 Ziggurat
95:49 Ziggurat
95:50 Ziggurat
95:51 Ziggurat
95:52 Ziggurat
95:58 Necropolis
96:00 Necropolis
96:01 Necropolis
96:02 Necropolis
96:05 Necropolis
96:59 Ziggurat
97:00 Ziggurat
97:03 Ziggurat
97:04 Ziggurat
97:06 Ziggurat
97:07 Ziggurat
97:10 Ziggurat
97:34 Necropolis
97:50 Ziggurat
97:52 Ziggurat
97:52 Ziggurat
97:53 Ziggurat
97:54 Ziggurat
97:55 Ziggurat
99:45 Ziggurat
99:45 Ziggurat
99:47 Ziggurat
99:48 Ziggurat
99:49 Ziggurat
99:54 Ziggurat
99:55 Ziggurat
99:57 Ziggurat
100:07 Ziggurat
100:09 Ziggurat
100:12 Ziggurat
100:39 Ziggurat
100:40 Necropolis
100:54 Necropolis
100:55 Ziggurat
100:56 Ziggurat
100:57 Ziggurat
100:59 Ziggurat
101:10 Ziggurat
101:16 Ziggurat
101:29 Ziggurat
101:30 Ziggurat
101:36 Ziggurat
101:38 Ziggurat
101:41 Ziggurat
101:43 Ziggurat
102:46 Ziggurat
102:48 Ziggurat
102:52 Ziggurat
102:52 Ziggurat
102:53 Ziggurat
102:56 Ziggurat
102:57 Ziggurat
102:58 Ziggurat
103:08 Ziggurat
103:09 Ziggurat
103:11 Ziggurat
103:12 Necropolis
103:42 Necropolis
103:44 Necropolis
103:45 Necropolis
103:46 Necropolis
103:54 Ziggurat
103:57 Ziggurat
103:59 Ziggurat
104:09 Ziggurat
104:11 Ziggurat
104:21 Necropolis
104:23 Necropolis
104:26 Necropolis
104:30 Necropolis
104:36 Ziggurat
104:37 Ziggurat
104:42 Ziggurat
104:44 Ziggurat
105:12 Ziggurat
105:14 Ziggurat
105:19 Ziggurat
105:24 Ziggurat
105:41 Ziggurat
105:49 Ziggurat
105:59 Ziggurat
106:14 Ziggurat
106:15 Ziggurat
106:16 Ziggurat
106:53 Ziggurat
106:55 Ziggurat
107:20 Ziggurat
107:25 Ziggurat
107:28 Ziggurat
108:47 Ziggurat
109:29 Ziggurat
109:31 Ziggurat
109:32 Ziggurat
109:33 Ziggurat
109:34 Ziggurat
110:51 Ziggurat
110:55 Ziggurat
111:02 Ziggurat
111:04 Ziggurat
111:07 Ziggurat
111:12 Ziggurat
111:53 Ziggurat
113:16 Ziggurat
116:59 Ziggurat
117:00 Ziggurat
118:48 Ziggurat
121:12 Ziggurat
121:18 Ziggurat
122:19 Tomb of Relics
122:20 Tomb of Relics
122:22 Tomb of Relics
122:23 Tomb of Relics
122:25 Tomb of Relics
123:56 Ziggurat
124:29 Ziggurat
126:38 Ziggurat
126:39 Ziggurat
126:52 Ziggurat
127:02 Ziggurat
127:04 Ziggurat
127:06 Ziggurat
127:07 Ziggurat
127:07 Ziggurat
127:09 Ziggurat
127:19 Ziggurat
127:27 Ziggurat
127:30 Ziggurat
127:31 Ziggurat
127:31 Ziggurat
127:32 Ziggurat
127:33 Ziggurat
127:34 Ziggurat
128:54 Ziggurat
128:57 Ziggurat
128:59 Ziggurat
129:36 Ziggurat
129:39 Ziggurat
129:43 Ziggurat
130:15 Spirit Tower
140:10 Spirit Tower
140:10 Spirit Tower
» items
| Scroll of Regeneration | 1 | |
| Potion of Healing | 2 | |
| Scroll of Town Portal | 3 | |
| Staff of Sanctuary | 1 | |
| Runed Bracers | 1 | |
| Inferno Stone | 1 | |
| Mana Stone | 1 | |
| Belt of Giant Strength +6 | 6 | |
| Orb of Corruption | 1 | |
| Sobi Mask | 1 | |
| Sacrificial Skull | 7 | |
25 total
timg4strok (
orange | 89 APM | 12440 actions | 140:16)
10 Tauren Chieftain
3 Shockwave
3 Endurance Aura
1 Reincarnation
3 War Stomp
10 Pandaren Brewmaster
3 Breath of Fire
3 Drunken Brawler
1 Storm Earth and Fire
3 Drunken Haze
» actions
| Assign group hotkey | 522 | |
| Basic commands | 62 | |
| Build / train | 201 | |
| ESC pressed | 12 | |
| Enter build submenu | 158 | |
| Enter hero's abilities submenu | 20 | |
| Give item / drop item | 21 | |
| Remove unit from queue | 51 | |
| Right click | 6183 | |
| Select / deselect | 2154 | |
| Select group hotkey | 1703 | |
| Use ability | 1353 | |
12440 total
» units
| Peon | 26 | |
| Troll Batrider | 31 | |
| Goblin Shredder | 6 | |
| Demolisher | 4 | |
67 total
» upgrades
| Reinforced Defenses | 1 | |
| Liquid Fire | 1 | |
| Spiked Barricades | 1 | |
| Burning Oil | 1 | |
4 total
» buildings
| Altar of Storms | 1 | |
| Orc Burrow | 6 | |
| War Mill | 3 | |
| Watch Tower | 178 | |
| Voodoo Lounge | 3 | |
| Stronghold | 3 | |
| Fortress | 2 | |
| Beastiary | 14 | |
| Great Hall | 1 | |
| Barracks | 1 | |
212 total
» build order
00:04 Altar of Storms
00:16 Orc Burrow
00:50 War Mill
02:05 Watch Tower
02:31 Watch Tower
02:48 Watch Tower
02:49 Watch Tower
02:57 Orc Burrow
03:21 Watch Tower
03:28 Voodoo Lounge
03:43 Watch Tower
04:28 Watch Tower
04:29 Watch Tower
04:49 Watch Tower
04:50 Watch Tower
05:22 Watch Tower
06:36 Watch Tower
06:37 Watch Tower
06:41 Watch Tower
06:42 Watch Tower
06:43 Watch Tower
06:44 Watch Tower
06:46 Watch Tower
06:48 Watch Tower
06:50 Watch Tower
06:52 Watch Tower
08:01 Watch Tower
08:02 Watch Tower
08:03 Watch Tower
08:04 Watch Tower
08:07 Watch Tower
08:08 Watch Tower
08:08 Watch Tower
08:09 Watch Tower
08:56 Watch Tower
08:57 Watch Tower
09:04 Watch Tower
09:05 Watch Tower
09:25 Stronghold
09:26 Stronghold
09:26 Stronghold
09:59 Voodoo Lounge
10:01 Voodoo Lounge
10:29 Watch Tower
10:30 Watch Tower
10:36 Watch Tower
10:38 Watch Tower
10:45 Watch Tower
10:49 Watch Tower
11:01 Watch Tower
11:02 Watch Tower
11:19 Watch Tower
11:20 Watch Tower
11:21 Watch Tower
11:23 Watch Tower
11:24 Watch Tower
11:25 Watch Tower
11:36 Watch Tower
11:39 Watch Tower
12:18 Watch Tower
12:19 Watch Tower
12:44 Watch Tower
14:17 Watch Tower
14:18 Watch Tower
15:02 Watch Tower
15:03 Watch Tower
15:05 Watch Tower
15:05 Watch Tower
15:07 Watch Tower
15:08 Watch Tower
15:16 Watch Tower
16:07 Watch Tower
16:08 Watch Tower
16:22 Watch Tower
16:23 Watch Tower
16:24 Watch Tower
16:25 Watch Tower
17:30 Watch Tower
18:02 Fortress
18:08 Watch Tower
18:55 Watch Tower
18:56 Watch Tower
18:57 Watch Tower
19:20 Watch Tower
19:23 Watch Tower
19:24 Watch Tower
19:24 Watch Tower
20:34 Watch Tower
20:35 Watch Tower
20:40 Watch Tower
20:41 Watch Tower
21:58 Watch Tower
21:59 Watch Tower
23:24 Watch Tower
23:25 Watch Tower
23:26 Watch Tower
23:27 Watch Tower
23:29 Watch Tower
23:30 Watch Tower
23:31 Watch Tower
23:39 Watch Tower
23:42 Watch Tower
23:42 Watch Tower
23:44 Watch Tower
23:45 Watch Tower
23:56 Beastiary
23:58 Beastiary
25:24 Watch Tower
25:25 Watch Tower
25:25 Watch Tower
25:26 Watch Tower
25:26 Watch Tower
25:41 Watch Tower
25:41 Watch Tower
25:44 Watch Tower
25:45 Watch Tower
25:46 Watch Tower
26:15 Watch Tower
26:16 Watch Tower
26:17 Watch Tower
26:18 Watch Tower
26:31 Orc Burrow
26:31 Orc Burrow
27:08 Great Hall
27:29 Watch Tower
28:35 Watch Tower
28:37 Watch Tower
28:38 Watch Tower
28:40 Watch Tower
28:41 Watch Tower
28:44 Watch Tower
28:45 Watch Tower
29:47 Watch Tower
30:40 Watch Tower
30:41 Watch Tower
30:42 Watch Tower
30:43 Watch Tower
30:44 Watch Tower
30:45 Watch Tower
30:49 Watch Tower
30:49 Watch Tower
30:50 Watch Tower
30:53 Watch Tower
30:54 Watch Tower
30:56 Watch Tower
30:56 Watch Tower
30:58 Watch Tower
30:58 Watch Tower
31:06 Watch Tower
34:12 Watch Tower
34:14 Watch Tower
34:15 Watch Tower
34:17 Watch Tower
34:17 Watch Tower
34:19 Watch Tower
34:53 Watch Tower
34:55 Watch Tower
34:56 Watch Tower
34:57 Watch Tower
34:58 Watch Tower
34:59 Watch Tower
35:00 Watch Tower
35:46 Watch Tower
35:48 Watch Tower
35:49 Watch Tower
35:50 Watch Tower
35:51 Watch Tower
35:51 Watch Tower
35:52 Watch Tower
37:17 Watch Tower
37:19 Watch Tower
37:20 Watch Tower
37:21 Watch Tower
37:22 Watch Tower
37:24 Watch Tower
37:24 Watch Tower
38:50 Watch Tower
38:50 Watch Tower
42:03 Beastiary
44:18 Beastiary
54:32 Orc Burrow
54:33 Orc Burrow
70:20 Beastiary
70:20 Beastiary
70:22 Beastiary
70:24 Beastiary
70:25 Beastiary
70:26 Beastiary
74:27 Beastiary
74:28 Beastiary
74:29 Beastiary
74:32 Beastiary
74:34 Watch Tower
74:35 Watch Tower
74:37 Watch Tower
74:37 Watch Tower
74:38 Watch Tower
74:39 Watch Tower
74:40 Watch Tower
74:41 Watch Tower
74:42 Watch Tower
74:42 Watch Tower
74:44 Watch Tower
76:56 War Mill
83:11 Watch Tower
83:11 Watch Tower
83:12 Watch Tower
83:13 Watch Tower
99:23 War Mill
108:16 Barracks
» items
| Lesser Clarity Potion | 4 | |
| Healing Salve | 3 | |
| Scroll of Speed | 2 | |
| Scroll of Regeneration | 1 | |
| Orb of Fire | 1 | |
| Staff of Sanctuary | 3 | |
| Orb of Lightning | 3 | |
| Sobi Mask | 6 | |
| Scroll of Town Portal | 15 | |
| Mana Stone | 2 | |
| Potion of Healing | 1 | |
| Robe of the Magi +6 | 6 | |
47 total
Chat log
(00:11 / Allies) MrGoodmanners: i'm paving the whole map
(00:12 / Allies) MrGoodmanners: sorry :-D
(00:18 / Allies) MrGoodmanners: yo timg lets beat this map
(01:08 / Allies) MrGoodmanners: burg burg
(01:19 / Allies) highper.ch: grub grub = burg burg
(01:33 / Allies) timg4strok: def. knight
(01:35 / Allies) highper.ch: crip lord
(01:38 / Allies) MrGoodmanners: shit
(01:41 / Allies) MrGoodmanners: i getting a criplord too
(01:52 / Allies) MrGoodmanners: should iget a dred lord
(01:56 / Allies) timg4strok: def jam, def knight
(01:58 / Allies) MrGoodmanners: yo
(02:01 / Allies) MrGoodmanners: getting a dredder insteader
(02:24 / Allies) MrGoodmanners: can't happene
(02:47 / Allies) MrGoodmanners: arooooooga
(03:59 / Allies) MrGoodmanners: lol
(04:02 / Allies) MrGoodmanners: hellbasing
(04:09 / Allies) BEAR_AND: gilderbasing
(05:11 / Allies) MrGoodmanners: timg start blighting outward
(05:13 / Allies) MrGoodmanners: in every direction
(06:49 / Allies) MrGoodmanners: no mannaer
(07:02 / Allies) MrGoodmanners: get him
(07:43 / Allies) MrGoodmanners: blinn's safety first
(08:19 / Allies) MrGoodmanners: can we creap it
(09:07 / Allies) MrGoodmanners: let 's try!
(13:41 / Allies) MrGoodmanners: lets blinnstigate
(13:42 / Allies) MrGoodmanners: a revolution
(14:48 / Allies) MrGoodmanners: dang
(17:15 / Allies) MrGoodmanners: preparing for inevitabilities
(17:18 / Allies) MrGoodmanners: by getting all t2 ups
(17:30 / Allies) MrGoodmanners: lol,
(18:12 / Allies) MrGoodmanners: ima da chairman
(18:23 / Allies) MrGoodmanners: get
(18:24 / Allies) MrGoodmanners: dk
(18:25 / Allies) MrGoodmanners: red hp
(18:27 / Allies) MrGoodmanners: 1 boltlight
(18:28 / Allies) MrGoodmanners: nm
(18:30 / Allies) MrGoodmanners: probably healed
(18:34 / Allies) MrGoodmanners: i sleep red
(18:47 / Allies) MrGoodmanners: WHAT THE FUCK
(18:48 / Allies) MrGoodmanners: BEAR.
(18:52 / Allies) MrGoodmanners: i alt qq
(18:54 / Allies) MrGoodmanners: is that what you want
(19:00 / Allies) MrGoodmanners: well
(19:02 / Allies) MrGoodmanners: why did you backstab me
(19:13 / Allies) MrGoodmanners: you're like "yo teal i got your back"
(19:31 / Allies) MrGoodmanners: how about you do this
(20:59 / Allies) MrGoodmanners: repair that please
(21:55 / Allies) MrGoodmanners: i need lumber
(26:53 / Allies) MrGoodmanners: yes
(27:16 / Allies) MrGoodmanners: well,
(27:44 / Allies) MrGoodmanners: grabbing that foynal
(28:35 / Allies) MrGoodmanners: robes
(28:37 / Allies) MrGoodmanners: runes
(29:32 / Allies) MrGoodmanners: dont think so
(31:07 / Allies) MrGoodmanners: hurry
(31:09 / Allies) MrGoodmanners: gargs coming
(31:30 / Allies) MrGoodmanners: too long
(33:09 / Allies) MrGoodmanners: yo i'm making a network of mains
(33:12 / Allies) MrGoodmanners: so you can tp anywhere
(33:42 / Allies) MrGoodmanners: that wood be sweet
(34:23 / Allies) MrGoodmanners: fernal
(34:47 / Allies) MrGoodmanners: tp network
(37:26 / Allies) MrGoodmanners: way to surround my fernal
(39:18 / Allies) MrGoodmanners: almost level 10
(39:46 / Allies) MrGoodmanners: fixin it
(39:57 / Allies) MrGoodmanners: sobi
(40:04 / Allies) MrGoodmanners: dibs on this sobi
(40:13 / Allies) MrGoodmanners: wow it dis appeared
(42:42 / Allies) MrGoodmanners: brt
(43:10 / Allies) MrGoodmanners: got level 1
(44:16 / Allies) MrGoodmanners: sobi for reals this time
(44:25 / Allies) MrGoodmanners: opening
(44:30 / Allies) timg4strok: opencraking
(44:33 / Allies) timg4strok: please use the correct term
(44:40 / Allies) MrGoodmanners: ok fine
(44:48 / Allies) MrGoodmanners: dethecus is retiring
(44:51 / Allies) MrGoodmanners: while his minions pave map
(44:54 / Allies) MrGoodmanners: bear
(44:56 / Allies) MrGoodmanners: or blinn
(45:01 / Allies) MrGoodmanners: build a house for dethecus
(45:52 / Allies) MrGoodmanners: wasted ankh
(46:10 / Allies) MrGoodmanners: haha
(46:29 / Allies) MrGoodmanners: divpot
(46:31 / Allies) MrGoodmanners: you would have lived
(46:36 / Allies) MrGoodmanners: would have been a PP
(47:22 / Allies) MrGoodmanners: no idea
(47:29 / Allies) timg4strok: nevatried
(47:49 / Allies) MrGoodmanners: blinn
(47:51 / Allies) MrGoodmanners: pulling same shit
(47:52 / Allies) MrGoodmanners: as timg
(48:37 / Allies) MrGoodmanners: if the zep gets shot down
(48:39 / Allies) MrGoodmanners: with a divved pally
(48:41 / Allies) MrGoodmanners: is the pally stunned?
(48:49 / Allies) MrGoodmanners: otherwise go bomb them
(48:54 / Allies) MrGoodmanners: with invincible paladin bomb
(49:32 / Allies) MrGoodmanners: eq:ed
(51:03 / Allies) MrGoodmanners: wrong zep
(52:07 / Allies) MrGoodmanners: robi
(52:20 / Allies) MrGoodmanners: yeah waiting for deforesting crew
(52:44 / Allies) MrGoodmanners: prob shredder
(53:16 / Allies) MrGoodmanners: timg
(53:17 / Allies) MrGoodmanners: clear that
(53:18 / Allies) MrGoodmanners: pelase
(53:46 / Allies) MrGoodmanners: also interestnig
(53:49 / Allies) MrGoodmanners: can i make the entire minimap white?
(54:44 / Allies) MrGoodmanners: im sending some ghouls
(55:13 / Allies) MrGoodmanners: coming
(55:25 / Allies) MrGoodmanners: no lum
(57:31 / Allies) MrGoodmanners: we have to kill this eventually
(57:35 / Allies) MrGoodmanners: or run in
(57:38 / Allies) MrGoodmanners: and drop blight skulls
(58:46 / All) BEAR_AND: hi
(58:47 / All) BEAR_AND: from?
(58:53 / All) c59fray: fr
(58:57 / All) highper.ch: nice
(59:06 / All) BEAR_AND: P.U.
(59:08 / All) BEAR_AND: Peeeeuiuuuu
(59:13 / All) MrGoodmanners: USA #1
(59:16 / All) BEAR_AND: CANADA
(64:48 / Allies) MrGoodmanners: WOW
(66:48 / Allies) MrGoodmanners: our blights have been connected
(67:14 / Allies) MrGoodmanners: i do a
(67:15 / Allies) MrGoodmanners: ctually
(68:04 / Allies) MrGoodmanners: the rocks
(68:48 / Allies) MrGoodmanners: agilboost
(68:51 / Allies) MrGoodmanners: boots
(69:14 / Allies) MrGoodmanners: i gues
(69:35 / All) BEAR_AND: hey
(69:40 / All) BEAR_AND: good game, im leavin g now
(69:47 / All) highper.ch: NO
(69:48 / All) BEAR_AND: ur heroes too strong
(70:42 / Allies) MrGoodmanners: rallying lord maldazzar
(71:14 / Allies) MrGoodmanners: timg
(71:17 / Allies) MrGoodmanners: you gotta take care of maldey
(72:47 / Allies) MrGoodmanners: how the heck
(74:52 / Allies) MrGoodmanners: they must have shades or something i mean dang
(76:00 / Allies) MrGoodmanners: wow these maybe getting up after all
(76:01 / Allies) MrGoodmanners: woot
(76:21 / Allies) MrGoodmanners: i keep doing that
(76:24 / Allies) MrGoodmanners: they keep killing somehow
(76:35 / Allies) MrGoodmanners: this is good though
(77:02 / Allies) MrGoodmanners: that is not a ninja aco
(77:21 / Allies) MrGoodmanners: sending here
(77:24 / Allies) MrGoodmanners: then we can get shredder there
(77:26 / Allies) MrGoodmanners: and deforest
(77:36 / Allies) MrGoodmanners: jeez maldey
(78:07 / Allies) MrGoodmanners: they have beastiaries ni there
(78:12 / Allies) MrGoodmanners: no wonder they keep seeing it
(78:44 / Allies) MrGoodmanners: nice
(78:54 / Allies) MrGoodmanners: i got some belts
(78:56 / Allies) MrGoodmanners: i aint useing
(79:33 / Allies) MrGoodmanners: daaaaaaaaaaaaaaaaaaaaaaamn
(79:49 / Allies) MrGoodmanners: bear and fuck you
(79:50 / Allies) MrGoodmanners: honestly
(80:11 / Allies) MrGoodmanners: defend my necropolises please
(80:15 / Allies) MrGoodmanners: nm just tp out i guess
(80:52 / Allies) MrGoodmanners: lot of forests left etc tho
(81:03 / Allies) MrGoodmanners: v_v;
(82:07 / Allies) MrGoodmanners: wow
(82:08 / Allies) MrGoodmanners: mains are out
(82:44 / Allies) MrGoodmanners: yo timg can you start packing blight skulls
(82:49 / Allies) MrGoodmanners: or bear or someone
(83:35 / Allies) MrGoodmanners: this is going to be some obscure record
(83:38 / Allies) MrGoodmanners: Most Ud Buildings Lost
(84:43 / Allies) MrGoodmanners: yeah
(84:46 / Allies) MrGoodmanners: what was it called
(85:00 / All) BEAR_AND: bye
(85:08 / All) c59fray: bye
(85:10 / All) timg4strok: u guys are just too strong
(85:21 / All) highper.ch: this is bullshit i have like 200 gold lol
(85:33 / Allies) MrGoodmanners: bizarro friends
(85:36 / All) highper.ch: purple such noob keep wasteing all money on buildings
(85:45 / All) highper.ch: now we lose gg
(85:57 / Allies) MrGoodmanners: man this
(86:04 / All) BEAR_AND: oops guess i tavern res with my 86000 gold
(86:32 / Allies) MrGoodmanners: hmmm
(86:37 / Allies) MrGoodmanners: can ud and ne peacefully co exist
(86:47 / Allies) highper.ch: ork is towereng
(86:59 / Allies) MrGoodmanners: div pots + 5 blight skulls
(87:02 / Allies) MrGoodmanners: run in there and get the job done
(87:17 / Allies) MrGoodmanners: yo
(87:21 / Allies) MrGoodmanners: considering buyig some tinies
(87:52 / Allies) MrGoodmanners: they have it sentry warded i think
(87:55 / Allies) MrGoodmanners: g a y
(87:56 / Allies) MrGoodmanners: gay
(87:57 / Allies) MrGoodmanners: gay
(88:36 / Allies) MrGoodmanners: hehe trees are blighted
(89:01 / Allies) MrGoodmanners: seriously
(89:03 / Allies) MrGoodmanners: fuck him
(89:07 / All) BEAR_AND: STOP THAT YELLOW
(89:09 / Allies) MrGoodmanners: kill him
(89:15 / Allies) MrGoodmanners: kill green and yellow
(89:18 / Allies) MrGoodmanners: this can't be allowed to continue i'm sorry
(89:29 / All) MrGoodmanners: for cancelling out my blight
(89:34 / All) MrGoodmanners: i hereby sentence you to death
(89:49 / Allies) MrGoodmanners: leave only the ud alive
(93:04 / All) BEAR_AND: let this map be blighted ..........FOREVER
(95:14 / Allies) MrGoodmanners: they're still fighting the blighting
(96:13 / Allies) MrGoodmanners: was this guy
(96:15 / Allies) MrGoodmanners: 4 peon mining
(96:17 / Allies) MrGoodmanners: since start of game?
(96:51 / All) BEAR_AND: l;mao
(96:54 / All) BEAR_AND: lrevel 30
(96:56 / Allies) MrGoodmanners: timg we got a lot of trees to remove
(99:10 / Allies) MrGoodmanners: str belt
(100:05 / Allies) MrGoodmanners: well when do we ever play friends
(103:24 / All) MrGoodmanners: thank you you guys have been great
(105:48 / Allies) MrGoodmanners: we're getting there folkz
(106:42 / Allies) MrGoodmanners: i like the aura
(106:44 / Allies) MrGoodmanners: on the shredders
(107:59 / Allies) MrGoodmanners: trees on ledges etc
(108:02 / Allies) MrGoodmanners: going to be kind of annoying
(108:05 / Allies) MrGoodmanners: will we need fernal stones?
(108:27 / Allies) MrGoodmanners: i'll do it
(108:33 / Allies) MrGoodmanners: mid mines have like 5 k left
(111:17 / Allies) MrGoodmanners: almost there
(112:09 / Allies) MrGoodmanners: well that's my hero technically
(113:53 / Allies) MrGoodmanners: bunch of trees in mid
(113:56 / Allies) MrGoodmanners: that need takeing care of
(114:08 / Allies) MrGoodmanners: start sapping it
(114:10 / Allies) MrGoodmanners: we're almost there
(114:15 / Allies) MrGoodmanners: except for their gay little enclave everything is paved
(114:27 / All) keskonmange: gg
(114:33 / All) MrGoodmanners: no
(114:33 / All) timg4strok: no wait
(114:34 / All) MrGoodmanners: stay
(114:43 / All) timg4strok: fight with honor until the day is done!
(117:28 / Allies) MrGoodmanners: i have some
(117:32 / Allies) MrGoodmanners: busy in the warzone tho
(117:45 / Allies) MrGoodmanners: those are outside bounds
(118:05 / Allies) MrGoodmanners: still 8.5 in this mine
(118:28 / Allies) MrGoodmanners: wow
(118:30 / Allies) MrGoodmanners: we need to take that
(118:32 / Allies) MrGoodmanners: he's 2 aco mining it
(119:56 / Allies) MrGoodmanners: taking
(120:08 / Allies) MrGoodmanners: no
(120:10 / Allies) MrGoodmanners: all abilities are gone
(121:26 / Allies) MrGoodmanners: dudes sent
(121:32 / Allies) MrGoodmanners: haha i have 5000 gold
(121:34 / Allies) MrGoodmanners: man i'm spending!
(123:30 / Allies) MrGoodmanners: i'm skulling this
(123:32 / Allies) MrGoodmanners: no other way
(123:50 / Allies) MrGoodmanners: i'll drop an inf on that
(123:51 / Allies) MrGoodmanners: or sap it
(123:59 / Allies) MrGoodmanners: well ok
(124:59 / Allies) MrGoodmanners: some trees at edges here
(126:05 / Allies) MrGoodmanners: a backstab
(126:07 / Allies) MrGoodmanners: we need to stop this
(126:13 / Allies) MrGoodmanners: i do
(126:21 / Allies) MrGoodmanners: acos there
(126:43 / All) MrGoodmanners: we freaking told you
(126:50 / All) MrGoodmanners: about removing the blight
(126:52 / Allies) MrGoodmanners: bear
(126:56 / Allies) MrGoodmanners: take that out
(128:08 / Allies) MrGoodmanners: acos sent
(129:34 / All) BEAR_AND: huahaha
(129:58 / All) highper.ch: he gotta go to work can u wati please
(129:58 / All) highper.ch: he be back in like 6 hours
(130:01 / All) highper.ch: ty
(130:23 / Allies) MrGoodmanners: start crewing that
(131:32 / Allies) MrGoodmanners: he's
(131:34 / Allies) MrGoodmanners: pumping hunt
(131:53 / Allies) MrGoodmanners: haha
(132:23 / Allies) MrGoodmanners: get me there
(132:27 / Allies) MrGoodmanners: i'll sap some of the trees
(133:53 / Allies) MrGoodmanners: wowwww
(133:54 / Allies) MrGoodmanners: what
(133:54 / Allies) MrGoodmanners: a
(133:56 / Allies) MrGoodmanners: freaking
(133:56 / Allies) MrGoodmanners: stab
(134:00 / All) c59fray: bye
(134:01 / Allies) MrGoodmanners: good god
(134:06 / Allies) MrGoodmanners: he's 1 aco mining it
(134:07 / All) timg4strok: ? why
(134:31 / All) highper.ch: if you gonna leave can you just afk please
(134:32 / All) c59fray: in the bed
(134:57 / All) highper.ch: no just go afk
(134:59 / All) highper.ch: dont quit
(134:59 / All) timg4strok: noooo
(135:39 / Allies) MrGoodmanners: 8.6
(135:41 / Allies) MrGoodmanners: i'm
(139:38 / All) highper.ch: no
(139:39 / All) highper.ch: dont quit
(139:40 / All) highper.ch: please
(139:42 / All) highper.ch: we almost done
(139:45 / All) highper.ch: then we leave
(139:47 / All) highper.ch: and you win
(139:50 / All) highper.ch: please just go afk